 Dungeon Crawl Stone Soup version 0.20-a0-1020-g7b9e4fe (console) character file.

81 nht the Insei (level 4, -4/35 HPs)
             Began as a Draconian Transmuter on Apr 18, 2017.
             Slain by a river rat (9 damage)
             ... on level 3 of the Dungeon.
             The game lasted 00:02:38 (2166 turns).

nht the Insei (Draconian Transmuter)                Turns: 2166, Time: 00:02:38

Health: -4/35      AC:  6    Str: 12    XL:     4   Next: 20%
Magic:  7/7        EV: 12    Int: 14    God:
Gold:   128        SH:  0    Dex: 12    Spells: 6/7 levels left

rFire    + . .     SeeInvis .     - Unarmed
rCold    + . .     Gourm    .   (no shield)
rNeg     . . .     Faith    .   (armour unavailable)
rPois    +         Spirit   .   (helmet restricted)
rElec    +         Reflect  .   (no cloak)
rCorr    +         Harm     .   f - +0 pair of gloves (curse)
MR       .....                  (boots currently unavailable)
Stlth    +.........             (no amulet)
Regen    0.2/turn               (no ring)
MPRegen  0.1/turn               (no ring)

@: appendage (expiring), resistant
A: unfitting armour, talons 3, cold-blooded, AC +5
a: End Transformation


You were on level 3 of the Dungeon.
You were not hungry.
You had grown temporary talons.
You visited 1 branch of the dungeon, and saw 3 of its levels.

You collected 128 gold pieces.

Inventory:

Missiles
 a - 60 arrows
Armour
 f - a cursed +0 pair of gloves (worn)
Scrolls
 d - 5 scrolls of identify {unknown}
 e - a scroll of remove curse {unknown}
 h - a scroll of fog {unknown}
 i - a scroll of enchant weapon {unknown}
 k - 2 scrolls of random uselessness {unknown}
 m - a scroll of enchant armour {unknown}
 o - 2 scrolls of immolation {unknown}
 p - a scroll of teleportation {unknown}
 r - a scroll of blinking {unknown}
 s - a scroll of fear {unknown}
Potions
 j - a potion of resistance
 l - 2 potions of degeneration {unknown}
 q - a potion of lignification {unknown}
Books
 b - a book of Changes

   Spells                             Type                      Level
   a - Beastly Appendage              Transmutation                1
   b - Sticks to Snakes               Transmutation                2
   c - Spider Form                    Transmutation/Poison         3
   d - Ice Form                       Ice/Transmutation            4
   e - Blade Hands                    Transmutation                5
Comestibles
 c - 2 bread rations
 g - 3 meat rations
 n - 2 royal jellies
 t - 6 chunks of flesh


   Skills:
 - Level 1.1 Fighting
 - Level 1.7 Dodging
 * Level 4.5 Unarmed Combat
 - Level 2.0 Spellcasting
 + Level 3.0 Transmutations


You had 6 spell levels left.
You knew the following spells:

 Your Spells              Type           Power        Failure   Level  Hunger
a - Beastly Appendage     Tmut           #.....       10%         1    ##.....


Dungeon Overview and Level Annotations

Branches:
Dungeon (3/15)

Altars:
Uskayaw


Innate Abilities, Weirdness & Mutations

Your plain brown scales are hard. (AC +5)
You cannot fit into any form of body armour.
You are cold-blooded and may be slowed by cold attacks.
You have claws for feet.


Message History

The river rat is lightly wounded.
The river rat misses you.
You closely miss the river rat.
Your tail-slap misses the river rat.
The river rat is lightly wounded.
The river rat barely misses you.
You barely miss the river rat.
You claw the river rat, but do no damage.
The river rat is lightly wounded.
Your transformation is almost over.
The river rat misses you.
You barely miss the river rat. Your kick misses the river rat.
The river rat is lightly wounded.
The river rat bites you!
* * * LOW HITPOINT WARNING * * *
You closely miss the river rat. You punch the river rat.
The river rat is lightly wounded.
It was a potion of resistance.
You feel protected. The river rat bites you!
You die...

██...█████
██.......██████
█....███.......
█....██........
█.........█████
█.........+....
█████......█████
██████...........█
█.†r@..████......█
█.████.████......█
█................█
█..r.≈...........█
█..≈≈≈≈≈.≈.......█
█████≈█≈█≈≈......█
█≈r≈≈≈≈≈≈≈........
█≈████████.......█
█≈≈≈≈≈≈█ █.......█


You could see a river rat.

Vanquished Creatures
  3 adders
  2 river rats (D:3)
  A worm (D:3)
  3 leopard geckos (D:1)
  A ball python (D:1)
  7 bats
  4 giant cockroaches
  4 hobgoblins
  2 goblins (D:3)
  A kobold (D:2)
  6 rats
34 creatures vanquished.

Notes
Turn   | Place    | Note
-------+----------+-------------------------------------------
     0 | D:1      | nht the Draconian Transmuter began the quest for the Orb.
     0 | D:1      | Reached XP level 1. HP: 16/16 MP: 3/3
   180 | D:1      | Reached XP level 2. HP: 21/23 MP: 5/5
   853 | D:2      | Reached XP level 3. HP: 27/28 MP: 6/6
  1526 | D:2      | Reached skill level 4 in Unarmed Combat
  1910 | D:3      | Found a hide-covered altar of Uskayaw.
  2123 | D:3      | Reached XP level 4. HP: 15/35 MP: 7/7
  2166 | D:3      | Slain by a river rat

Vault maps used:
D:1:      saegor_arrival_simple_a
D:2:      first_bread
D:3:      lemuel_crystal_altar, lightli_sewer_entry_pipes, xom_teletrap_fun,
          uniq_natasha

Skill      XL: |  1  2  3  4 |
---------------+-------------+-----
Unarmed Combat | 4 |  4.5
Transmutations | 3 |  3.0
Fighting       | |  1.1
Dodging        | |  1.7
Spellcasting   | |  2.0

Action                   |  1- 3 |  4- 6 || total
-------------------------+-------+-------++-------
Melee: Unarmed           |   127 |    12 ||   139
       Tailslap          |    10 |     2 ||    12
       Punch             |     1 |     1 ||     2
       Kick              |     2 |     1 ||     3
       Headbutt          |     1 |       ||     1
 Cast: Beastly Appendage |     6 |     1 ||     7
  Use: Potion            |       |     1 ||     1
 Stab: Sleeping          |     3 |       ||     3
  Eat: Bread ration      |     1 |       ||     1
       Chunk             |     1 |       ||     1
Armor: Skin              |    45 |     3 ||    48
Dodge: Dodged            |    90 |     8 ||    98
